 Dungeon Crawl Stone Soup version 0.30-a0-335-ge5acde7520 (webtiles) character file.

Game seed: 7610376639767146616

10131 timneilson the Blocker (level 11, -4/67 HPs)
             Began as a Gargoyle Fighter on Oct 30, 2022.
             Was an Elder of Okawaru.
             Slain by a gargoyle
             ... wielding a +0 dire flail
              (15 damage)
             ... on level 10 of the Dungeon.
             The game lasted 00:28:49 (10504 turns).

timneilson the Blocker (Gargoyle Fighter)          Turns: 10504, Time: 00:28:50

Health: -4/67      AC: 23    Str: 23    XL:     11   Next: 57%
Magic:  15/15      EV:  8    Int:  8    God:    Okawaru [****..]
Gold:   412        SH:  8    Dex: 15    Spells: 10/10 levels left

rFire   + . .      SeeInvis .    a - +1 long sword (venom)
rCold   + + .      Faith    .    c - +1 buckler
rNeg    + . .      Spirit   .    i - +0 plate armour
rPois   ∞          Reflect  .    (no helmet)
rElec   +          Harm     .    t - +0 cloak
rCorr   .          Rampage  .    (no gloves)
Will    +++..                    (no boots)
Stlth   ..........               r - amulet of the acrobat
HPRegen 0.31/turn                x - ring of Ruzy {rF+ rC++ Will+++ Str-2}
MPRegen 0.14/turn                y - +6 ring of dexterity

@: studying Shields
A: sickness immunity, AC +8, negative energy resistance 1, electricity
resistance, torment resistance 1, petrification resistance
a: Renounce Religion, Heroism, Finesse


You were on level 10 of the Dungeon.
You worshipped Okawaru.
Okawaru was greatly pleased with you.
You visited 1 branch of the dungeon, and saw 10 of its levels.
You also visited: Sewer.

You collected 1372 gold pieces.
You spent 960 gold pieces at shops.

Inventory:

Hand Weapons
 a - a +1 long sword of venom (weapon)
Missiles
 b - 3 throwing nets (quivered)
Armour
 c - a +1 buckler (worn)
 i - a +0 plate armour (worn)
 t - a +0 cloak (worn)
Jewellery
 j - a ring of flight
 r - an amulet of the acrobat (around neck)
 x - the ring of Ruzy (left hand) {rF+ rC++ Will+++ Str-2}
   (You acquired it in a sewer)

   [ring of protection from fire]

   Str:       It affects your strength (-2).
   rF:        It protects you from fire.
   rC:        It greatly protects you from cold.
   Will:      It greatly increases your willpower.
 y - a +6 ring of dexterity (right hand)
Wands
 d - a wand of polymorph (9)
 q - a wand of roots (12)
 D - a wand of paralysis (5)
Scrolls
 g - 2 scrolls of fear
 h - 5 scrolls of teleportation
 l - 2 scrolls of silence
 o - 2 scrolls of magic mapping
 p - a scroll of enchant weapon
 s - 2 scrolls of fog
 w - a scroll of enchant armour
 E - a scroll of poison
Potions
 e - a potion of brilliance
 f - 2 potions of flight
 k - a potion of invisibility
 m - 4 potions of curing
 n - a potion of lignification
 u - 2 potions of magic
 v - 3 potions of haste
 z - 2 potions of mutation
 A - a potion of attraction
 B - a potion of ambrosia
 G - a potion of berserk rage
Miscellaneous
 F - a lightning rod (4/4)


   Skills:
 + Level 7.1 Fighting
 * Level 7.7 Long Blades
 * Level 9.6 Armour
 + Level 4.5 Dodging
 * Level 12.4 Shields
 + Level 5.6 Invocations
 + Level 4.7 Evocations


You had 10 spell levels left.
You didn't know any spells.
Your spell library contained the following spells:

 Spells                   Type           Power      Damage    Failure   Level
 Freeze                   Ice            0%         1d3       100%        1
 Frozen Ramparts          Ice            0%         1d1       100%        3
 Hailstorm                Conj/Ice       0%         3d3       100%        3


Dungeon Overview and Level Annotations

Branches:
Dungeon (10/15)            Temple (0/1) D:6            Lair (0/5) D:8
  Sewer (visited)
    Orc: D:9-12

Altars:
Dithmenos
Elyvilon
Fedhas
Hepliaklqana
Kikubaaqudgha
Makhleb
Okawaru
Qazlal
Ru
Sif Muna
Uskayaw
Vehumet
Wu Jian
Xom
Zin

Shops:
D:2 :

Annotations:
D:9 1 runed translucent door, 2 transporters, koil's ghost, novice SpHu


Innate Abilities, Weirdness & Mutations

You are immune to sickness and miasma.
Your stone body is resilient. (AC +8)
You are immune to poison.
You resist negative energy. (rN+)
You are resistant to electric shocks. (rElec)
You are resistant to unholy torment.
You are immune to petrification.


Message History

You block the howler monkey's attack.
The gargoyle hurls a stone arrow at you.
You block the stone arrow.
You hit the gargoyle but do no damage.
The gargoyle is almost destroyed.
The howler monkey barely misses you. The gargoyle barely misses you.
The howler monkey attacks as you move away!
The howler monkey hits you.
You feel like a meek peon again.
You slash the howler monkey!
The howler monkey looks as sick as possible!
The howler monkey is severely wounded.
The howler monkey hits you but does no damage.
You slash the howler monkey!
You kill the howler monkey!
Okawaru accepts your kill.
The gargoyle hurls a stone arrow at you.
The stone arrow hits you!
The gargoyle hurls a stone arrow at you.
The stone arrow hits you.
* * * LOW HITPOINT WARNING * * *
Items here: ( )) [[ †.
You hit the gargoyle but do no damage.
The gargoyle is almost destroyed.
The gargoyle hurls a stone arrow at you.
The stone arrow misses you.
You barely miss the gargoyle.
The gargoyle is almost destroyed.
You block the gargoyle's attack.
You hit the gargoyle but do no damage.
The gargoyle is almost destroyed.
The gargoyle barely misses you.
You hit the gargoyle but do no damage.
The gargoyle is almost destroyed.
The gargoyle hits you with a +0 dire flail!
* * * LOW HITPOINT WARNING * * *
You hit the gargoyle but do no damage.
The gargoyle is almost destroyed.
The gargoyle hits you with a +0 dire flail!
You die...

#.............
##....########
#....########.
#..(..........
#.............
#.............
#..........[..
########..)..........
#......@9..).........
#.....#####)#########
#.....#............
#######............
#...........>
#............
#............
#............
#######+#####


You could see a gargoyle.

Vanquished Creatures
  Erolcha (D:9)
  2 two-headed ogres (D:9)
  Pikel (D:8)
  A komodo dragon (D:8)
  A troll (D:9)
  14 yaks
  2 steam dragons
  2 water moccasins
  2 sky beasts
  6 orc warriors
  3 black bears
  2 ice beasts
  4 centaurs
  2 ogres
  Blork the orc (D:5)
  3 kobold brigands
  3 necrophages
  A gnoll sergeant (D:7)
  8 bullfrogs
  4 scorpions
  5 wights
  11 killer bees
  2 howler monkeys
  7 orc priests
  6 hounds
  10 iguanas
  11 orc wizards
  14 gnolls
  4 river rats
  13 adders
  A white imp (D:5)
  4 dart slugs
  3 worms
  32 orcs
  8 endoplasms
  3 giant cockroaches
  3 goblins
  9 hobgoblins
  25 kobolds
  5 quokkas
  8 ball pythons
  6 bats
  2 frilled lizards
  7 rats
262 creatures vanquished.

Vanquished Creatures (others)
  3 plants (D:8)
  4 toadstools (D:1)
7 creatures vanquished.

Grand Total: 269 creatures vanquished

Notes
Turn   | Place    | Note
-------+----------+-------------------------------------------
     0 | D:1      | timneilson the Gargoyle Fighter began the quest for the
                  | Orb.
     0 | D:1      | Reached XP level 1. HP: 14/14 MP: 1/1
   176 | D:1      | Reached XP level 2. HP: 3/19 MP: 2/2
   345 | D:1      | Reached XP level 3. HP: 5/23 MP: 3/3
   925 | D:2      | Found Pilu's Book Boutique.
  1291 | D:2      | Found a faded altar of an unknown god.
  1426 | D:3      | Reached XP level 4. HP: 27/28 MP: 4/4
  1589 | D:3      | Reached skill level 4 in Shields
  1933 | D:3      | Reached XP level 5. HP: 20/33 MP: 5/5
  2074 | D:3      | Identified a scroll of acquirement
  2104 | D:3      | Acquired 816 gold pieces
  2112 | D:4      | Found a stormy altar of Qazlal.
  2148 | D:3      | Reached skill level 1 in Dodging
  2164 | D:4      | Found a hazy altar of Hepliaklqana.
  2164 | D:4      | Found an iron altar of Okawaru.
  2186 | D:4      | Became a worshipper of Warmaster Okawaru
  2214 | D:4      | Reached XP level 6. HP: 38/38 MP: 6/6
  2254 | D:4      | Found a shadowy altar of Dithmenos.
  2478 | D:4      | Reached skill level 1 in Invocations
  2529 | D:4      | Found a glowing drain.
  2540 | Sewer    | Entered a sewer
  2897 | Sewer    | Reached skill level 5 in Armour
  2921 | Sewer    | Reached XP level 7. HP: 39/43 MP: 7/7
  2972 | Sewer    | Reached * piety under Okawaru
  2973 | Sewer    | Reached skill level 5 in Shields
  3005 | Sewer    | Acquired the ring of Ruzy {rF+ rC++ Will+++ Str-2}
  3136 | D:2      | Bought a manual of Shields for 960 gold pieces
  3337 | D:4      | Reached skill level 1 in Evocations
  3832 | D:5      | Entered Level 5 of the Dungeon
  4054 | D:5      | You are sucked into a shaft and drop 3 floors!
  4096 | D:7      | Reached skill level 6 in Shields
  4097 | D:7      | Found a radiant altar of Vehumet.
  4119 | D:7      | Reached XP level 8. HP: 17/48 MP: 9/9
  4276 | D:5      | Found a glowing silver altar of Zin.
  4764 | D:5      | Reached skill level 7 in Shields
  5037 | D:5      | Noticed Blork the orc
  5043 | D:5      | Killed Blork the orc
  5390 | D:6      | Reached ** piety under Okawaru
  5391 | D:6      | Reached skill level 5 in Fighting
  5399 | D:6      | Found a staircase to the Ecumenical Temple.
  5447 | D:6      | Reached skill level 5 in Long Blades
  5447 | D:6      | Reached XP level 9. HP: 34/54 MP: 11/11
  5459 | D:6      | Reached skill level 8 in Shields
  5710 | D:6      | Identified the +2 leather armour "Exzaih" {rN+ rCorr}
  5818 | D:6      | Found a hide-covered altar of Uskayaw.
  6507 | D:7      | Reached skill level 9 in Shields
  6836 | D:7      | Reached *** piety under Okawaru
  7218 | D:7      | Reached XP level 10. HP: 55/60 MP: 10/13
  7426 | D:7      | Found a sacrificial altar of Ru.
  7427 | D:7      | Found a white marble altar of Elyvilon.
  7428 | D:7      | Found an ancient bone altar of Kikubaaqudgha.
  7428 | D:7      | Found a shimmering altar of Xom.
  7867 | D:7      | Received a gift from Okawaru
  8261 | D:8      | Reached skill level 10 in Shields
  8399 | D:8      | Received a gift from Okawaru
  8601 | D:8      | Found a shimmering blue altar of Sif Muna.
  8637 | D:8      | Found a staircase to the Lair.
  9110 | D:9      | Found a runed translucent door.
  9112 | D:9      | Found a burning altar of Makhleb.
  9112 | D:9      | Noticed a sixfirhy
  9138 | D:9      | Received a gift from Okawaru
  9158 | D:9      | Reached skill level 11 in Shields
  9167 | D:9      | Reached **** piety under Okawaru
  9229 | D:9      | Found a blossoming altar of Fedhas.
  9370 | D:9      | Reached skill level 5 in Invocations
  9424 | D:9      | Found an ornate altar of the Wu Jian Council.
  9588 | D:9      | Noticed a two-headed ogre
  9598 | D:9      | Killed a two-headed ogre
  9599 | D:9      | Reached XP level 11. HP: 40/66 MP: 6/14
  9603 | D:9      | Noticed a two-headed ogre
  9620 | D:9      | Killed a two-headed ogre
  9620 | D:9      | Received a gift from Okawaru
  9663 | D:9      | Noticed Erolcha
  9675 | D:9      | Reached skill level 12 in Shields
  9690 | D:9      | Noticed Pikel
  9796 | D:8      | Killed Pikel
  9900 | D:9      | Killed Erolcha
  9907 | D:9      | Noticed koil's ghost (novice SpHu)
  9923 | D:9      | Found a transporter.
  9936 | D:9      | Found a transporter.
 10390 | D:10     | Entered Level 10 of the Dungeon
 10504 | D:10     | Slain by a gargoyle

Illustrated notes

Levels and vault maps discovered:
D:1:      ldierk_walled_garden_2, layout_basic
D:2:      layout_rooms, serial_shops, shop, shapermc_ecumenical_altar_acropolis,
          corexii_corridor_pit, hex_large
D:3:      layout_rooms
D:4:      minmay_thick_lines, layout_rooms, mainiacjoe_overflow_paths,
          grunt_qazlal_clouds, chequers_temple_overflow_statue_of_worship,
          gup_sewer_entry_bubbles
D:5:      layout_basic, lemuel_crystal_altar, uniq_blork_the_orc
D:6:      layout_loops_ring, mainiacjoe_overflow_alcove_1,
          minmay_temple_entry_ruins, grunt_ministairs_12
D:7:      layout_loops_ring, fiery_altar_vehumet, mainiacjoe_overflow_alcove_3,
          hangedman_abyss_or_decor_passed, grunt_ministairs_6,
          lightli_orcish_oven
D:8:      black_bear_nest_2, layout_rooms, led_sif_pool, david_lair_shrubbed
D:9:      kennysheep_ambush_hall, layout_basic, general_overflow_altar,
          nzn_makhleb_speed_demon, mainiacjoe_overflow_alcove_4,
          gammafunk_ghost_stat_death, uniq_erolcha, uniq_pikel
D:10:     layout_stronghold, grunt_gozag_breadcrumbs, serial_shops, shop_statue,
          minmay_three_doors

Skill      XL: |  1  2  3  4  5  6  7  8  9 10 11 |
---------------+----------------------------------+-----
Long Blades    | 2 3 4 5 6 7 |  7.7
Armour         | 4 5 6 7 9 |  9.6
Shields        | 4 6 7 9 11 12 | 12.4
Dodging        | 1 2 3 4 |  4.5
Fighting       | 4 5 6 7 |  7.1
Invocations    | 1 2 3 4 5 |  5.6
Evocations     | 1 2 3 4 |  4.7

Action                   |  1- 3 |  4- 6 |  7- 9 | 10-12 || total
-------------------------+-------+-------+-------+-------++-------
Melee: Long sword        |   106 |   318 |   564 |   519 ||  1507
Invok: Heroism           |       |       |     7 |    14 ||    21
       Finesse           |       |       |       |     2 ||     2
Evoke: Wand              |       |       |       |     2 ||     2
  Use: Scroll            |     8 |     4 |    10 |     4 ||    26
       Potion            |       |       |     6 |       ||     6
Armor: Scale mail        |    72 |   168 |   139 |       ||   379
       Chain mail        |       |       |   133 |   172 ||   305
       Plate armour      |       |       |       |    61 ||    61
Dodge: Dodged            |    60 |   139 |   265 |   193 ||   657
Block: Buckler           |    29 |    86 |   182 |   170 ||   467

Table legend: (Time is in decaauts)
 A = Elapsed time spent in this place.
 B = Non-inter-level travel time spent in this place.
 C = Inter-level travel time spent in this place.
 D = Time resting spent in this place.
 E = Time spent auto-exploring this place.
 F = Levels seen in this place.
 G = Mean time per level.
                   A        B        C        D        E       F      G
               +--------+--------+--------+--------+--------+-----+--------+
         Total |  10703 |  10202 |    501 |    929 |   5722 |  11 |  973.0 |
       Dungeon |  10182 |   9681 |    501 |    823 |   5553 |  10 | 1018.2 |
         Sewer |    521 |    521 |      0 |    106 |    169 |   1 |  521.0 |
               +--------+--------+--------+--------+--------+-----+--------+

Top non-repeatable levels by time:
     D:7: 1829 daAuts
     D:6: 1388 daAuts
     D:4: 1226 daAuts
     D:9: 1174 daAuts
     D:8: 1077 daAuts
     D:5: 1050 daAuts
     D:1: 891 daAuts
     D:3: 797 daAuts
     D:2: 636 daAuts
   Sewer: 521 daAuts
    D:10: 109 daAuts
